← All builds
Air / Cortex / Economy first / OBSERVED BUILD

Standard air

Cortex Air build order · Supreme Isthmus

Economy-first air build: Aircraft Plant then Advanced Metal Extractor and Fusion Reactor, making transports and scouts for allies while transitioning into fighters and occasional bombers over the whole game.

Usually transports first (78%)

#eco #air #team support · 1508 distinct matches · 252 players · 81% of Cortex Air games · team won 46% of 1813 · Recently observed

HOW TO PLAY IT

Key timing: Aircraft Plant by 1:24

  1. Open 3 mex and wind, then drop Aircraft Plant early.
  2. Finish Aircraft Plant and start fighters for scouting and defense.
  3. Eat the Aircraft Plant once production needs outgrow it.
  4. Get Advanced Metal Extractor up to scale eco.
  5. Bring Fusion Reactor online and keep feeding transports, scouts, fighters to allies.

Phase by phase

TYPICAL OF ITS 1508 GAMES
  1. 1
  2. 2
  3. 3
PLAY THE OPENING

Follow the example game's first 6:00 step by step: what to build now, what comes next, and where it goes. At 1× it keeps pace with your own game.

  1. 1

    Up to the Aircraft Plant

    Economy
    • Metal Extractor3Mex
    • Wind Turbine4Wind
    Order
    1. Aircraft PlantAircraft Plant after 3 mex, 4 winddone ~1:26, middle half 1:14–1:35

    Some games also: energy storage (38%)

    By 1:07 in all: 3 mex · 4 wind

    The example game in this phase · 3 steps
    1. Mex ×3
    2. Solar
    3. Aircraft PlantAircraft Plantdone 0:59 · typical 1:26
  2. 2

    Aircraft Plant to 5:00

    Economy
    • Metal Extractor1Mex
    • Wind Turbine9Wind
    • Wind Turbine3Wind
    Builders
    • Construction Turret2 Con turret
    • Construction Aircraft1 Con aircraft
    Army
    • Valiant5 Valiant
    • Hercules2 Light transport for allies
    • Finch2 Finch for allies
    • Finch1 Finch
    • Hephaestus1 Heavy transport for allies

    Some games also: shuriken (49%) · energy storage (45%) · converter (44%) · light transport (40%)

    By 5:00 in all: 3 mex · 1 mex · 13 wind · 3 wind · 1 energy storage · 2 con turret

    The example game in this phase · 43 steps
    1. FinchFinch
    2. ShurikenShuriken
    3. Wind ×2
    4. FinchFinchfor Geo sea
    5. Wind
    6. HerculesLight transportfor Geo sea
    7. Wind
    8. HerculesLight transportfor Geo sea
    9. Wind ×2
    10. FinchFinchfor Beach sea
    11. HerculesLight transportfor Beach sea
    12. ValiantValiant
    13. Energy storage
    14. HerculesLight transportfor Tech
    15. Construction AircraftCon aircraft
    16. Con turret
    17. Wind ×2
    18. FinchFinch
    19. Mex
    20. Con turret
    21. WhirlwindWhirlwind
    22. ValiantValiant ×2
    23. Wind ×2
    24. Construction AircraftCon aircraft
    25. Wind
    26. Converter
    27. Con turret
    28. Converter
    29. Wind
    30. Wind
    31. Converter
    32. Wind ×2
    33. Converter
    34. Wind
    35. Converter
    36. Wind
    37. Wind
    38. Converter
    39. Wind
    40. Wind
    41. Converter
    42. Wind
    43. Wind
  3. 3

    5:00 to 10:00

    Economy
    • Wind Turbine21Wind
    • Wind Turbine5Wind
    • Energy Converter6Converter
    Order
    1. Aircraft PlantEat Aircraft Plant
    2. Aircraft PlantAircraft Plant after 19 wind, 18 wind, 7 converterin 58% of games
    Builders
    • Construction Turret3 Con turret
    Army
    • Valiant9 Valiant

    Some games also: shuriken (47%) · fusion (38%) · con aircraft (35%) · light transport (31%)

    By 10:00 in all: 3 mex · 1 mex · 25 wind · 20 wind · 8 converter · 1 energy storage

    The example game in this phase · 165 steps
    1. Wind
    2. Wind ×2
    3. Wind
    4. Wind
    5. Wind
    6. Converter
    7. Wind
    8. Wind
    9. Converter
    10. Wind
    11. Converter
    12. Wind
    13. Con turret
    14. Converter
    15. Wind
    16. HerculesLight transportfor Geo sea
    17. Converter
    18. Wind
    19. Advanced Metal ExtractorT2 mexdone 6:31 · typical 6:54
    20. Wind
    21. Wind
    22. HerculesLight transport
    23. Advanced Metal ExtractorT2 mex
    24. Wind
    25. Advanced Metal ExtractorT2 mex
    26. HephaestusHeavy transport
    27. Wind
    28. ShurikenShuriken
    29. Advanced Metal ExtractorT2 mex
    30. Wind
    31. ShurikenShuriken ×4
    32. Advanced Metal ExtractorT2 mex
    33. ShurikenShuriken ×2
    34. Wind
    35. Con turret
    36. Wind ×2
    37. ValiantValiant
    38. Wind
    39. ValiantValiant
    40. Wind
    41. ValiantValiant ×2
    42. Wind ×12
    43. Wind ×3
    44. WhirlwindWhirlwind
    45. Wind
    46. WhirlwindWhirlwind
    47. Fusion ReactorFusiondone 10:51 · typical 10:52
    48. WhirlwindWhirlwind
    49. Wind
    50. WhirlwindWhirlwind
    51. Wind
    52. WhirlwindWhirlwind
    53. Wind
    54. WhirlwindWhirlwind ×3
    55. Wind
    56. Wind
    57. WhirlwindWhirlwind ×2
    58. ValiantValiant ×4
    59. Wind
    60. ValiantValiant ×3
    61. Wind
    62. ValiantValiant ×4
    63. Wind
    64. ValiantValiant
    65. ThistleThistle
    66. ValiantValiant ×2
    67. ShurikenShuriken ×4
    68. Wind
    69. ShurikenShuriken ×3
    70. Con turret
    71. ShurikenShuriken
    72. Wind
    73. ShurikenShuriken
    74. Con turret
    75. ShurikenShuriken
    76. ValiantValiant
    77. Wind
    78. Con turret
    79. ValiantValiant
    80. Con turret ×2
    81. ValiantValiant ×3
    82. Con turret
    83. ValiantValiant
    84. Wind
    85. ValiantValiant
    86. Con turret
    87. ValiantValiant ×2
    88. Wind
    89. ValiantValiant
    90. Converter
    91. ValiantValiant
    92. Wind
    93. ValiantValiant
    94. Wind
    95. Converter
    96. ValiantValiant ×2
    97. Converter
    98. ValiantValiant
    99. Converter
    100. ValiantValiant ×2
    101. Converter
    102. Wind
    103. ValiantValiant
    104. Wind
    105. ValiantValiant
    106. Converter
    107. ValiantValiant
    108. Wind
    109. Converter
    110. ValiantValiant
    111. WhirlwindWhirlwind
    112. Converter
    113. WhirlwindWhirlwind
    114. Wind
    115. Converter
    116. WhirlwindWhirlwind ×2
    117. Converter
    118. WhirlwindWhirlwind
    119. Converter
    120. Wind
    121. WhirlwindWhirlwind ×3
    122. Wind
    123. WhirlwindWhirlwind
    124. Converter
    125. WhirlwindWhirlwind
    126. Wind
    127. Converter
    128. WhirlwindWhirlwind ×2
    129. Wind
    130. Converter
    131. WhirlwindWhirlwind ×3
    132. ValiantValiant
    133. WhirlwindWhirlwind
    134. Wind
    135. Con turret ×2
    136. WhirlwindWhirlwind ×4
    137. Converter
    138. Wind
    139. WhirlwindWhirlwind
    140. FinchFinch ×3
    141. Converter
    142. ValiantValiant ×4
    143. Converter
    144. ValiantValiant ×4
    145. Wind
    146. ValiantValiant ×2
    147. Converter
    148. ValiantValiant ×2
    149. Converter
    150. ValiantValiant
    151. Converter
    152. ValiantValiant ×2
    153. Converter
    154. ValiantValiant ×2
    155. Wind
    156. Converter
    157. ValiantValiant ×11
    158. Wind
    159. ValiantValiant ×17
    160. WhirlwindWhirlwind ×2
    161. Con turret
    162. WhirlwindWhirlwind ×2
    163. Wind
    164. Con turret
    165. WhirlwindWhirlwind

Counts are medians over the build's games: half of them build more, half fewer. The example game is Milkdragon's (31 OS, 27/09/2026); pick another.

Team trades

IN AT LEAST 30% OF ITS GAMES

You hand over

  • Finch2 Finch to Geo sea or Beach seafirst at 1:50 · in 96% of games
  • Hercules3 Light transport to Tech or Geo sea or Beach seafirst at 2:06 · in 99% of games
  • Hephaestus1 Heavy transport to Beach sea or Pond or Techfirst at 2:23 · in 71% of games

You get

  • Wind Turbine3 Wind from Beach sea or Geo seafirst at 1:37 · in 64% of games
  • Wind Turbine3 Wind from Beach sea or Geo sea or Pondfirst at 1:42 · in 46% of games
  • Construction Bot1 Con bot from Techfirst at 2:22 · in 88% of games
  • Advanced Construction Bot1 T2 con bot from Techfirst at 6:05 · in 96% of games

How it plays out

Typical game of this build, running totals by minute

Metal produced

010k20k30k
0:005:0010:0015:00

metal

Enemy metal destroyed

01k2k
0:005:0010:0015:00

metal

Own metal lost

01k2k3k
0:005:0010:0015:00

metal

1813 games.

Show as table
ByMetal produced: This buildEnemy metal destroyed: This buildOwn metal lost: This build
1:0039200
2:0092300
3:00145600
4:002052051
5:0027635173
6:003711102124
7:005089146167
8:006903190219
9:009285230270
10:0011761292379
11:0014370369533
12:0017069512781
13:00198597811101
14:002270412631689
15:002573618082409
WHAT THE NUMBERS SAY

Standard air play wins less than half its games, with very low combat losses and kills since the role mostly supports rather than fights.

  • + Own metal lost stays very low, only 2701 by 15:00.
  • + Metal production reaches 25740 by 15:00, a strong support economy.
  • − Team wins under half of games (47%).
  • − Enemy metal destroyed stays low at 2097 by 15:00, showing little direct impact.
THE EXAMPLE YOU ARE READING

Milkdragon

31.3 OS · 27/09/2026

Open source match ↗

7 received units · includes a constructor
1285 metal received · 63330 energy received

Allied construction assistance is unknown. Timings are observations, not a promise of solo reproducibility.

Typical milestones

Aircraft Plant1:26Middle 50%: 1:14–1:35 · n=1813
Advanced Metal Extractor6:54Middle 50%: 6:27–7:26 · n=1753
Fusion Reactor10:52Middle 50%: 9:46–12:17 · n=1160

Played most by

TheGeneraI114games of this buildDad_The_Speedrunner72games of this buildHunfore62games of this buildDRM52games of this buildMilkdragon52games of this build